 Dungeon Crawl Stone Soup version 0.28.0-49-g6dfe1f597d (webtiles) character file.

Game seed: 14056179199720145980

4 Exodus22XD the Sneak (level 1, 10/10 HPs)
             Began as a Kobold Enchanter on May 15, 2022.
             Was an Initiate of Gozag.
             Quit the game on level 1 of the Dungeon.
             The game lasted 00:00:13 (184 turns).

Exodus22XD the Sneak (Kobold Enchanter)              Turns: 184, Time: 00:00:13

Health: 10/10      AC:  2    Str:  5    XL:     1   Next: 77%
Magic:  3/3        EV: 15    Int: 16    God:    Gozag
Gold:   60         SH:  0    Dex: 15    Spells: 4/4 levels left

rFire   . . .      SeeInvis .   a - +1 dagger
rCold   . . .      Faith    .   (no shield)
rNeg    . . .      Spirit   .   b - +0 robe
rPois   .          Reflect  .   (no helmet)
rElec   .          Harm     .   (no cloak)
rCorr   .          Rampage  .   (no gloves)
Will    .....                   (no boots)
Stlth   ++++......              (no amulet)
HPRegen 0.03/turn               (no ring)
MPRegen 0.08/turn               (no ring)

@: no status effects
A: small, no large weapons, nightstalker 3
a: Renounce Religion, Potion Petition, Call Merchant, Bribe Branch


You were on level 1 of the Dungeon.
You worshipped Gozag.
Gozag was noncommittal.
You visited 1 branch of the dungeon, and saw 1 of its levels.

You collected 60 gold pieces.

Inventory:

Hand Weapons
 a - a +1 dagger (weapon)
Armour
 b - a +0 robe (worn)
Scrolls
 d - 2 scrolls of fear {unknown}
Potions
 c - a potion of invisibility


   Skills:
 - Level 1.3 Short Blades
 - Level 2.4 Dodging
 + Level 4.5 Stealth
 - Level 2.1 Spellcasting
 - Level 3.0 Hexes


You had 4 spell levels left.
You didn't know any spells.
Your spell library contained the following spells:

 Spells                   Type           Power      Damage    Failure   Level
 Ensorcelled Hibernation  Hex/Ice        12%        N/A       17%         2
 Confusing Touch          Hex            11%        N/A       19%         3
 Tukima's Dance           Hex            11%        N/A       19%         3
 Static Discharge         Conj/Air       1%         N/A       30%         2
 Dazzling Flash           Conj/Hex       12%        N/A       32%         3
 Dispel Undead            Necr           1%         3d6       90%         4
 Sticky Flame             Conj/Fire      1%         2d3       90%         4


Dungeon Overview and Level Annotations

Branches:
Dungeon (1/15)

Altars:
Gozag


Innate Abilities, Weirdness & Mutations

You are small and have problems with some larger weapons.
You are completely attuned to the shadows.


Message History

A kobold is nearby!
The helpless kobold fails to defend itself.
You impale the kobold!!
You kill the kobold!
Key pressed, stopping explore.
No target in view!
No target in view!
Found 6 gold pieces.
Things that are here:
a +0 dagger; 3 stones No target in view!
You now have 47 gold pieces (gained 6).
Things that are here:
a +0 dagger; 3 stones You now have 60 gold pieces (gained 13).
d - 2 scrolls labelled JATUWA GOSI (gained 1)
You open the door.
A frilled lizard comes into view.
There is an open door here.
A frilled lizard is nearby!
A frilled lizard is nearby!
A frilled lizard is nearby!
The helpless frilled lizard fails to defend itself.
You impale the frilled lizard!!
You kill the frilled lizard!
No target in view!
Found a ring mail.
No target in view!
Found a faded altar of an unknown god.
No target in view!
Found 16 stones.
No target in view!
A kobold comes into view. It is wielding a +0 dagger of draining.
There is a faded altar of an unknown god here.
A kobold is nearby!
You cannot tell which god this altar belongs to.
Convert to them anyway?
Gozag accepts your prayer! Gozag welcomes you!
Gozag waives the service fee.
Are you sure you want to abandon this character and quit the game? (Confirm with "yes".)

......##.......
......'..##....
........######...
.....#....# ###'
#....##.##.# #..
##.#......#.# #..
##.♣.......# #
#.. #..PP♣..####
#.. ♣.@....[...
#.. #.P..P♣.####
### #..PP♣....
#.K♣..#.###
#.#####(#


You could see a kobold (asleep).

Vanquished Creatures
  A goblin (D:1)
  2 ball pythons (D:1)
  A frilled lizard (D:1)
  A kobold (D:1)
  A rat (D:1)
6 creatures vanquished.

Notes
Turn   | Place    | Note
-------+----------+-------------------------------------------
     0 | D:1      | Exodus22XD the Kobold Enchanter began the quest for the
                  | Orb.
     0 | D:1      | Reached XP level 1. HP: 10/10 MP: 3/3
   177 | D:1      | Found a faded altar of an unknown god.
   183 | D:1      | Prayed at the altar of an unknown god.
   183 | D:1      | Became a worshipper of Gozag Ym Sagoz the Greedy
   184 | D:1      | Quit the game

Illustrated notes

Levels and vault maps discovered:
D:1:      dpeg_arrival_houses_and_road, layout_basic,
          ebering_ecumenical_altar_petrified, grunt_decor_mini_mirrors

Action                   || total
-------------------------++-------
Melee: Dagger            ||     6
 Stab: Sleeping          ||     6
